 Dungeon Crawl Stone Soup version 0.19.5 (webtiles) character file.

3275 tidbits the Cruncher (level 9, -3/61 HPs)
             Began as a High Elf Wanderer on Oct 31, 2017.
             Was a High Priest of Makhleb.
             Hit by a javelin of returning thrown by a centaur (6 damage)
             ... in a bailey.
             The game lasted 00:49:07 (4130 turns).

tidbits the Cruncher (High Elf Wanderer)            Turns: 4130, Time: 00:49:07

Health: -3/61      AC:  5    Str: 15    XL:     9   Next: 68%
Magic:  0/13       EV: 14    Int: 17    God:    Makhleb [*****.]
Gold:   510        SH:  0    Dex: 20    Spells: 0 memorised, 8 levels left

rFire  . . .     SeeInvis .     b - +0 shortbow
rCold  . . .     Gourm    .     B - +0 ring mail
rNeg   . . .     Faith    .     (shield currently unavailable)
rPois  .         Spirit   +     (no helmet)
rElec  .         Reflect  .     (no cloak)
rCorr  .         Harm     .     (no gloves)
MR     .....                    (no boots)
Stlth  +.........               A - amulet of guardian spirit
                                s - +3 ring of dexterity
                                p - +3 ring of strength

@: no status effects
A: no striking features
a: Minor Destruction, Lesser Servant of Makhleb, Major Destruction, Greater
Servant of Makhleb, Renounce Religion


You were in a bailey.
You worshipped Makhleb.
Makhleb was extremely pleased with you.
You were not hungry.

You visited 1 branch of the dungeon, and saw 9 of its levels.
You also visited: Sewer and Bailey.

You collected 510 gold pieces.

Inventory:

Hand Weapons
 a - a +2 lajatang
   (You found it on level 4 of the Dungeon)
 b - a +0 shortbow (weapon)
   (You took it off a centaur on level 5 of the Dungeon)
 w - a +0 trident
   (You took it off an orc on level 4 of the Dungeon)
 x - a +2 quarterstaff
 y - a +0 hunting sling
   (You found it on level 4 of the Dungeon)
 M - a +2 vampiric halberd
   (You found it on level 9 of the Dungeon)
Missiles
 h - 40 bolts
 i - 85 stones
 j - 8 javelins of returning
 m - 15 arrows (quivered)
 v - 24 poisoned needles
Armour
 l - a +0 robe
 B - a +0 ring mail (worn)
   (You found it on level 2 of the Dungeon)
 D - a +0 shield
 J - a +0 shield
   (You found it on level 6 of the Dungeon)
Jewellery
 p - a +3 ring of strength (left hand)
   (You found it on level 2 of the Dungeon)
 s - a +3 ring of dexterity (right hand)
   (You found it on level 4 of the Dungeon)
 A - an amulet of guardian spirit (around neck)
   (You found it in a sewer)
Wands
 e - a wand of lightning (3/15)
   (You found it on level 3 of the Dungeon)
 n - a wand of flame (17/48)
   (You took it off Ijyb on level 2 of the Dungeon)
 G - a wand of disintegration (2/24)
   (You found it on level 6 of the Dungeon)
 I - a wand of lightning (4/15)
   (You found it on level 6 of the Dungeon)
Scrolls
 q - 2 scrolls of noise {unknown}
 r - 2 scrolls of remove curse
 E - a scroll of blinking
 F - a scroll of teleportation {unknown}
 H - a scroll of summoning {unknown}
 K - a scroll of recharging {unknown}
Potions
 d - a potion of flight
 g - 3 potions of brilliance
 o - a potion of mutation {!q}
 u - 6 potions of curing
 z - a potion of lignification
Miscellaneous
 L - a sack of spiders
Comestibles
 c - 5 bread rations
 f - 2 meat rations
 t - 9 fruits


   Skills:
 + Level 5.6 Fighting
   Level 1.2 Long Blades
 * Level 10.0 Staves
 + Level 6.5 Bows
 - Level 1.0 Throwing
 + Level 5.0 Dodging
 - Level 1.0 Shields
 - Level 5.3 Invocations


You had 8 spell levels left.
You didn't know any spells.

Dungeon Overview and Level Annotations

Branches:
Dungeon (9/15)
 Temple: D:4-7         Lair: D:8-11         Orc: D:9-12

Altars:
Dithmenos
Gozag
Hepliaklqana
Kikubaaqudgha
Makhleb
Qazlal
Ru
Uskayaw

Annotations:
D:9 1 exclusion


Message History

Aim: a centaur, wielding a trident and wearing a ring mail (severely wounded)
You shoot an arrow.
The arrow hits the centaur but does no damage.
The centaur is severely wounded.
A javelin of returning appears from out of your range of vision.
The javelin of returning hits your hellwing but does no damage.
Your hellwing hits the centaur!
The centaur dies!
Makhleb accepts your kill.
Your Dodging skill increases to level 5!
Things that are here:
a javelin of returning; a spear; a chain mail
j - 8 javelins of returning (gained 1)
A javelin of returning appears from out of your range of vision.
The javelin of returning barely misses your hellwing.
A javelin of returning appears from out of your range of vision.
The javelin of returning hits your hellwing but does no damage.
An orc comes into view. It is wielding a spear.
A javelin of returning appears from out of your range of vision.
The javelin of returning hits your hellwing!
A javelin of returning appears from out of your range of vision.
The javelin of returning hits your hellwing but does no damage.
Items here: ( )) [[ a spear; a scale mail; a spear; a ring mail; an arrow
There is an open gate here.
What are your orders? t - Shout!
Orders for allies: a - Attack new target. r - Retreat! s - Stop attacking. g - Guard the area. f - Follow me.
Anything else - Cancel.
Gang up on whom?
Press: ? - help, Dir - move target cursor, f - orc
Aim: an orc, wielding a spear and wearing a ring mail Attack!
Your hellwing swoops through the air toward the orc!
Your hellwing barely misses the orc.
Your hellwing hits the orc!
The orc dies!
Makhleb accepts your kill.
Something hits your hellwing but does no damage.
There is an open gate here.
Things that are here:
a glaive; a plate armour You swap places.
Things that are here:
a spear; a chain mail; an orc skeleton
Items here: ( )) [[ a spear; a scale mail; a spear; a ring mail; an arrow A centaur comes into view.
It is wielding a trident.
The centaur throws a javelin of returning.
The javelin of returning completely misses you.
The weapon returns to the centaur!
The centaur throws a javelin of returning.
The javelin of returning hits you.
* * * LOW HITPOINT WARNING * * *
The weapon returns to the centaur!
Things that are here:
a spear; a chain mail Firing (i - inventory. (,) - cycle):
m - 17 arrows (quivered)
Press: ? - help, Shift-Dir - straight line, f - centaur
Aim: a centaur, wielding a trident and wearing a chain mail You shoot an arrow.
The arrow hits the centaur but does no damage.
The centaur moves out of view.
You see here an arrow.
Firing (i - inventory. (,) - cycle):
m - 16 arrows (quivered)
Press: ? - help, Shift-Dir - straight line, f/p - centaur
Aim: a centaur, wielding a trident and wearing a chain mail You shoot an arrow.
The arrow hits the centaur but does no damage.
The centaur throws a javelin of returning.
The javelin of returning closely misses you.
The weapon returns to the centaur!
The centaur throws a javelin of returning.
The javelin of returning hits you!
* * * LOW HITPOINT WARNING * * *
The weapon returns to the centaur!
The centaur throws a javelin of returning.
The javelin of returning closely misses your hellwing.
The javelin of returning completely misses you.
The weapon returns to the centaur!
Your hellwing swoops through the air toward the centaur!
Something hits the centaur.
Something hits the centaur but does no damage.
Found a hardcover manual.
Press: ? - help, v - describe, . - travel, g - get item A hardcover manual.
The floor.
Unknown command. 2 centaurs come into view.
The centaur throws a javelin of returning.
The javelin of returning hits you!
* * * LOW HITPOINT WARNING * * *
The weapon returns to the centaur!
As you read the scroll of fog, it crumbles to dust.
The scroll dissolves into smoke.
The centaur shouts!
The centaur throws a javelin of returning.
The javelin of returning hits you!
You die...

#≈≈≈.≈≈.⌠..≈≈≈≈≈..⌠.≈≈
#≈≈≈.≈....(≈≈≈≈≈.....≈
#≈≈.≈≈...(≈4≈≈≈≈≈...(≈
#≈≈.≈.....≈≈≈≈≈≈≈.....
#≈≈.≈.....≈≈≈?≈≈≈....
#≈≈.≈.....≈≈≈)≈≈≈....
#≈≈.≈§..§.≈≈≈:≈≈≈.
#≈≈.≈.§§§.≈≈≈≈≈≈≈
#≈≈.≈§§@§.≈≈≈≈≈≈
#≈≈≈.≈§§§..≈≈≈≈
#≈≈≈.≈≈§⌠..≈≈≈≈
#≈≈≈≈.≈.....≈≈≈
#≈≈≈≈.≈≈≈......
#≈≈≈≈≈..≈≈≈....
#≈≈≈≈≈≈≈..≈≈≈.≈
##≈≈≈≈≈≈≈≈..c.c


You could see 2 centaurs and a friendly hellwing.

Vanquished Creatures
  Grinder (D:3)
  Prince Ribbit (D:5)
  5 orc warriors
  An ice beast (D:6)
  An ogre (D:6)
  6 centaurs
  4 bullfrogs
  2 scorpions (D:9)
  2 wights (D:6)
  A howler monkey (D:6)
  A jelly (D:9)
  A bullfrog zombie (D:5)
  An orc wizard (D:6)
  4 hounds
  2 iguanas
  Ijyb (D:2)
  4 worker ants
  A killer bee zombie (D:9)
  A worker ant zombie (D:6)
  A river rat (D:5)
  19 adders
  16 oozes
  2 dart slugs (D:2)
  2 worms
  18 leopard geckos
  28 orcs
  6 bats
  18 giant cockroaches
  6 goblins
  9 hobgoblins
  8 jackals
  3 quokkas
  9 ball pythons
  15 frilled lizards
  A jackal skeleton (D:6)
  3 kobolds
  A leopard gecko skeleton (D:4)
  A quokka skeleton (D:5)
  11 rats
217 creatures vanquished.

Vanquished Creatures (collateral kills)
  7 orc warriors
  A centaur (Bailey)
  2 bullfrogs (Sewer)
  A wight (D:6)
  An orc wizard (D:9)
  A leopard gecko (Sewer)
  6 orcs (Bailey)
19 creatures vanquished.

Grand Total: 236 creatures vanquished

Notes
Turn   | Place    | Note
-------+----------+-------------------------------------------
     0 | D:1      | tidbits the High Elf Wanderer began the quest for the Orb.
     0 | D:1      | tidbits set off with: a +2 quarterstaff, a potion of curing, a +0 shield, a +0 robe, a bread ration
     0 | D:1      | Reached XP level 1. HP: 16/16 MP: 2/2
    72 | D:1      | Reached XP level 2. HP: 15/21 MP: 3/3
   179 | D:1      | Reached skill level 3 in Dodging
   437 | D:2      | Reached XP level 3. HP: 22/26 MP: 4/4
   456 | D:2      | Found a hide-covered altar of Uskayaw.
   458 | D:2      | Found a shadowy altar of Dithmenos.
   461 | D:2      | Found an ancient bone altar of Kikubaaqudgha.
   544 | D:2      | Found a faded altar of an unknown god.
   555 | D:2      | Became a worshipper of Makhleb the Destroyer
   555 | D:2      | Reached * piety under Makhleb
   584 | D:2      | Found a hazy altar of Hepliaklqana.
   628 | D:2      | Reached skill level 4 in Fighting
   679 | D:2      | Reached XP level 4. HP: 27/33 MP: 5/5
   728 | D:2      | Noticed Ijyb
   745 | D:2      | Killed Ijyb
   961 | D:3      | Noticed Grinder
   969 | D:3      | Reached ** piety under Makhleb
  1049 | D:3      | Reached XP level 5. HP: 15/38 MP: 6/6
  1241 | D:3      | Reached skill level 1 in Invocations
  1265 | D:3      | Found an opulent altar of Gozag.
  1435 | D:3      | Reached skill level 2 in Invocations
  1466 | D:3      | Killed Grinder
  1466 | D:3      | Reached skill level 4 in Invocations
  1466 | D:3      | Reached XP level 6. HP: 28/45 MP: 7/10
  1588 | D:4      | Reached skill level 5 in Invocations
  1765 | D:5      | Entered Level 5 of the Dungeon
  1792 | D:5      | Reached skill level 5 in Fighting
  1820 | D:5      | Reached skill level 4 in Dodging
  1820 | D:5      | Reached XP level 7. HP: 31/50 MP: 11/11
  1928 | D:5      | Reached skill level 3 in Staves
  1983 | D:5      | Found a glowing drain.
  2012 | Sewer    | Entered a sewer
  2020 | Sewer    | Reached *** piety under Makhleb
  2034 | Sewer    | Reached skill level 1 in Bows
  2134 | Sewer    | Reached skill level 2 in Bows
  2285 | Sewer    | Reached skill level 3 in Bows
  2380 | Sewer    | Reached **** piety under Makhleb
  2422 | Sewer    | Reached skill level 4 in Bows
  2489 | Sewer    | Reached skill level 5 in Bows
  2726 | D:5      | Found a stormy altar of Qazlal.
  2839 | D:5      | Reached skill level 4 in Staves
  2843 | D:5      | Reached XP level 8. HP: 55/55 MP: 12/12
  2846 | D:5      | Noticed Prince Ribbit
  2858 | D:5      | Killed Prince Ribbit
  2858 | D:5      | Reached skill level 5 in Staves
  2947 | D:6      | Found a sacrificial altar of Ru.
  2989 | D:7      | Reached skill level 6 in Staves
  3140 | D:6      | Reached skill level 7 in Staves
  3332 | D:7      | Reached skill level 8 in Staves
  3475 | D:9      | Reached XP level 9. HP: 39/61 MP: 7/13
  3562 | D:9      | Found an opulent altar of Gozag.
  3651 | D:9      | Found a flagged portal.
  3661 | D:9      | Reached skill level 9 in Staves
  3679 | Bailey   | Entered a bailey
  3927 | Bailey   | Reached skill level 6 in Bows
  4068 | Bailey   | Reached skill level 10 in Staves
  4083 | Bailey   | Reached ***** piety under Makhleb
  4093 | Bailey   | Reached skill level 5 in Dodging
  4129 | Bailey   | HP: 3/61 [centaur/javelin of returning (9)]
  4130 | Bailey   | Hit by a javelin of returning thrown by a centaur

Skill      XL: |  1  2  3  4  5  6  7  8  9 |
---------------+----------------------------+-----
Dodging        | 3 4 5 |  5.0
Fighting       | 4 5 |  5.6
Invocations    | 4 5 |  5.3
Staves         | 4 8 10 | 10.0
Bows           | 5 6 |  6.5
Long Blades    | |  1.2
Throwing       | |  1.0
Shields        | |  1.0

Action                   |  1- 3 |  4- 6 |  7- 9 || total
-------------------------+-------+-------+-------++-------
Melee: Quarterstaff      |   104 |   134 |       ||   238
       Lajatang          |       |    11 |   283 ||   294
 Fire: Hunting sling     |       |     6 |       ||     6
       Shortbow          |       |       |   191 ||   191
Throw: Stone             |     7 |       |       ||     7
Invok: Minor Destruction |       |    20 |    14 ||    34
       Lesser Servant of |       |       |     7 ||     7
Evoke: Wand              |       |    14 |    15 ||    29
  Use: Potion            |     1 |     4 |       ||     5
       Scroll            |       |     7 |     7 ||    14
  Eat: Chunk             |       |     2 |     6 ||     8
       Fruit             |       |     2 |       ||     2
       Pizza             |       |       |     1 ||     1
       Beef jerky        |       |       |     1 ||     1
Armor: Robe              |    11 |       |       ||    11
       Ring mail         |    14 |    46 |    85 ||   145
Dodge: Dodged            |    67 |    81 |   253 ||   401

Table legend:
 A = Turns spent in this place as a percentage of turns spent in the entire game.
 B = Non-inter-level travel turns spent in this place as a percentage of non-inter-level travel turns spent in the entire game.
 C = Inter-level travel turns spent in this place as a percentage of turns spent in this place.
 D = Turns resting spent in this place as a percentage of non-inter-level travel turns spent in this place.
 E = Turns spent auto-exploring this place as a percentage of non-inter-level travel turns spent in this place.
 F = Non-inter-level travel turns spent in this place divided by the number of levels of this place that you've seen.
                   A       B       C       D       E      F
               +-------+-------+-------+-------+-------+----------------------
         Total | 100.0 | 100.0 |   0.1 |   0.0 |   0.0 | 351.1
       Dungeon |  74.2 |  74.2 |   0.1 |   0.0 |   0.0 | 318.2
         Sewer |  13.5 |  13.5 |   0.0 |   0.0 |   0.0 | 522.0
        Bailey |  12.3 |  12.3 |   0.0 |   0.0 |   0.0 | 476.0
               +-------+-------+-------+-------+-------+----------------------

Table legend:
 A = Kills in this place as a percentage of kills in entire the game.
 B = Kills by you in this place as a percentage of kills by you in the entire game.
 C = Kills by friends in this place as a percentage of kills by friends in the entire game.
 D = Other kills in this place as a percentage of other kills in the entire game.
 E = Experience gained in this place as a percentage of experience gained in the entire game.
 F = Experience gained in this place divided by the number of levels of this place that you have seen.
                   A       B       C       D       E      F
               +-------+-------+-------+-------+-------+----------------------
         Total | 100.0 | 100.0 | 100.0 |  -nan | 100.0 | 425.4
       Dungeon |  59.7 |  63.6 |  15.8 |  -nan |  61.6 | 320.0
         Sewer |  25.8 |  26.7 |  15.8 |  -nan |   7.7 | 359.0
        Bailey |  14.4 |   9.7 |  68.4 |  -nan |  30.8 | 1440.0
               +-------+-------+-------+-------+-------+----------------------

Vault maps used:
D:1:      minmay_arrival_statue_studded, minmay_misc_feat_tiny,
          minmay_misc_feat_roman, minmay_fountain_box
D:2:      old_standard_altar, minmay_overflow_temple_star_quad,
          ecumenical_altar_1, uniq_iyjb
D:3:      old_standard_altar, cheibriados_altar_1, uniq_grinder
D:4:      overflow_temple_1_default, first_bread
D:5:      basic_altar, portal_sewer_entry_b, uniq_prince_ribbit1
D:6:      kennysheep_little_box
D:7:      minmay_temple_entry_large_hall, the_bakery, kennysheep_generic_room_3
D:8:      minmay_curly_fans, basic_altar, minmay_misc_feat_square,
          minmay_misc_feat_diagonals, jmf_multi_god_temple2, uniq_pikel,
          uniq_grum, uniq_joseph
D:9:      enter_bailey_2, basic_altar, nicolae_transmutations_shop
Sewer:    sewer_frog_island_02
Bailey:   bailey_polearm_flooded_kennysheep, bailey
